 Dungeon Crawl Stone Soup version 0.27-a0-1065-ge809cff456 (webtiles) character file.

Game seed: 10736138039109471951

396 vhaine the Frost Mage (level 6, -7/41 HPs)
             Began as a Merfolk Ice Elementalist on Apr 22, 2021.
             Engulfed by a cloud of flame (22 damage)
             ... on level 4 of the Dungeon on Apr 23, 2021.
             The game lasted 00:24:24 (6356 turns).

vhaine the Frost Mage (Merfolk Ice Elementalist)    Turns: 6356, Time: 00:24:24

Health: -7/41      AC:  2    Str:  8    XL:     6   Next: 83%
Magic:  9/9        EV: 12    Int: 16    God:
Gold:   145        SH:  0    Dex: 15    Spells: 2/9 levels left

rFire    . . .     SeeInvis .   n - +0 spear
rCold    . . .     Faith    .   (no shield)
rNeg     . . .     Spirit   .   a - +0 robe
rPois    .         Reflect  .   (no helmet)
rElec    .         Harm     .   (no cloak)
rCorr    .         Rampage  .   (no gloves)
Will     .....                  (no boots)
Stlth    ++........             (no amulet)
HPRegen  0.13/turn              (no ring)
MPRegen  0.11/turn              (no ring)

@: no status effects
A: (nimble swimmer 2), mertail
a: no special abilities


You were on level 4 of the Dungeon.
You visited 1 branch of the dungeon, and saw 5 of its levels.

You collected 145 gold pieces.

Inventory:

Hand Weapons
 f - a +0 short sword
 n - a +0 spear (weapon)
 p - a +2 whip of venom
Armour
 a - a +0 robe (worn)
Jewellery
 k - a ring of protection from fire
 w - a ring of resist corrosion
Wands
 u - a wand of charming (13)
Scrolls
 b - a scroll of enchant weapon {unknown}
 c - a scroll of brand weapon {unknown}
 g - 2 scrolls of immolation {unknown}
 h - 2 scrolls of vulnerability {unknown}
 i - 2 scrolls of teleportation {unknown}
 l - 5 scrolls of identify {unknown}
 q - a scroll of fog {unknown}
 t - a scroll of blinking {unknown}
Potions
 d - a potion of brilliance {unknown}
 e - 2 potions of attraction {unknown}
 j - 3 potions of heal wounds {unknown}
 m - a potion of mutation {unknown}
 o - a potion of degeneration {unknown}
 r - 2 potions of resistance {unknown}
 s - a potion of ambrosia {unknown}
 v - a potion of curing {unknown}


   Skills:
 - Level 2.6 Dodging
 - Level 2.1 Stealth
 - Level 2.0 Spellcasting
 + Level 8.7 Ice Magic


You had 2 spell levels left.
You knew the following spells:

 Your Spells              Type           Power      Damage    Failure   Level
a - Freeze                Ice            100%       1d11      1%          1
b - Ozocubu's Armour      Ice            29%        N/A       1%          3
c - Frozen Ramparts       Ice            58%        1d7       1%          3

Your spell library contained the following spells:

 Spells                   Type           Power      Damage    Failure   Level
 Animate Skeleton         Necr           2%         N/A       21%         1
 Apportation              Tloc           2%         N/A       21%         1
 Corona                   Hex            1%         N/A       21%         1
 Foxfire                  Conj/Fire      4%         2x1d4     21%         1
 Shock                    Conj/Air       4%         1d3       21%         1
 Summon Small Mammal      Summ           4%         N/A       21%         1
 Static Discharge         Conj/Air       1%         N/A       30%         2
 Hailstorm                Conj/Ice       15%        3d5       34%         4
 Conjure Flame            Conj/Fire      1%         6-21      52%         3
 Inner Flame              Hex/Fire       1%         N/A       52%         3
 Swiftness                Air            1%         N/A       52%         3
 Metabolic Englaciation   Hex/Ice        7%         N/A       67%         5
 Airstrike                Air            0%         N/A       90%         4
 Sticky Flame             Conj/Fire      1%         2d3       90%         4
 Fireball                 Conj/Fire      0%         3d3       99%         5
 Lightning Bolt           Conj/Air       0%         1d11      99%         5


Dungeon Overview and Level Annotations

Branches:
Dungeon (5/15)
 Temple: D:4-7

Altars:
Cheibriados

Annotations:
D:2 Natasha


Innate Abilities, Weirdness & Mutations

((You are quick and stealthy near water. (Stealth+, EV+, Speed+++)))
Your lower body shifts to a powerful aquatic tail in water.


Message History

Okay, then.
An endoplasm comes into view.
The endoplasm quivers.
Casting: Freeze (safe; 1% risk of failure)
Confirm with . or Enter, or press ? or * to list all spells.
Aiming: Freeze (safe; 1% risk of failure)
Press: ? - help, Shift-Dir - straight line, f - endoplasm
Aim: an endoplasm You freeze the endoplasm!
You kill the endoplasm!
There is a stone staircase leading down here.
A kobold and a skeleton come into view.
The adder skeleton is engulfed in blazing flames.
Found a metal-bound book.
The adder skeleton is engulfed in blazing flames.
The adder skeleton is destroyed!
The kobold shouts!
Really walk into a travel-excluded area?
You are engulfed in blazing flames.
A kobold is nearby!
You start resting.
HP restored.
Really walk into a travel-excluded area?
You are engulfed in blazing flames.
You start resting.
HP restored.
Really walk into a travel-excluded area?
Uppercase [Y]es or [N]o only, please.
Really walk into a travel-excluded area?
The kobold shouts!
A kobold is nearby!
Really walk into a travel-excluded area?
Really walk into that cloud of flame?
You are engulfed in blazing flames.
Ouch! That really hurt!
You see here a ring of resist corrosion.
w - a ring of resist corrosion You are engulfed in blazing flames.
Ouch! That really hurt!
You die...

###...## ##########
#......#
##........####...#######
#...#####..........##...
#§§○# ####............
#☼§☼# #............ #○○°#
###...#.......
#...#######.#...#..#....
....K○§@.....#....##....
§.:.$.§§§.....#..........
○§.$...°§○.<..............
###...######.##...........
#§§§# #..###..........
#○§○# #...##..#.....##
#§○.# #............##
####...# ##..###......##
###......####...#....#....#


You could see a kobold.

Vanquished Creatures
  A black bear (D:4)
  3 hounds
  A jelly (D:4)
  Natasha (D:2)
  3 adders (D:4)
  6 gnolls
  An ufetubus (D:4)
  A worm (D:2)
  5 orcs
  2 ball pythons
  5 bats
  11 endoplasms
  3 giant cockroaches (D:2)
  4 hobgoblins
  8 jackals
  8 kobolds
  A quokka (D:2)
  A frilled lizard (D:1)
  4 goblins
  A rat (D:3)
70 creatures vanquished.

Vanquished Creatures (others)
  An adder skeleton (D:4)
1 creature vanquished.

Grand Total: 71 creatures vanquished

Notes
Turn   | Place    | Note
-------+----------+-------------------------------------------
     0 | D:1      | vhaine the Merfolk Ice Elementalist began the quest for the
                  | Orb.
     0 | D:1      | Reached XP level 1. HP: 13/13 MP: 3/3
   516 | D:1      | Reached XP level 2. HP: 9/19 MP: 0/5
   947 | D:1      | Reached skill level 5 in Ice Magic
  1815 | D:2      | Found a faded altar of an unknown god.
  1960 | D:2      | Reached XP level 3. HP: 24/24 MP: 3/6
  2018 | D:2      | Noticed Natasha
  2035 | D:2      | Killed Natasha
  2382 | D:2      | Reached skill level 6 in Ice Magic
  2477 | D:2      | Reached XP level 4. HP: 27/30 MP: 5/7
  2705 | D:2      | Noticed Natasha
  3256 | D:2      | Learned a level 3 spell: Ozocubu's Armour
  3260 | D:2      | Learned a level 3 spell: Frozen Ramparts
  4069 | D:3      | You fall into a shaft and drop 2 floors!
  4069 | D:5      | Entered Level 5 of the Dungeon
  4070 | D:5      | Noticed a scorpion
  4210 | D:5      | Reached skill level 7 in Ice Magic
  4210 | D:5      | Reached XP level 5. HP: 32/35 MP: 5/8
  5113 | D:4      | Reached XP level 6. HP: 37/41 MP: 4/9
  5494 | D:4      | Reached skill level 8 in Ice Magic
  5608 | D:4      | Noticed a black bear
  5641 | D:4      | Killed a black bear
  5880 | D:4      | Found a snail-covered altar of Cheibriados.
  6356 | D:4      | Engulfed by a cloud of flame

Illustrated notes

Levels and vault maps discovered:
D:1:      dpeg_arrival_snail, layout_basic, serial_corexii_hall,
          chequers_hall_statues_wall_a, chequers_hall_statues_wall_a,
          st_stairs_1
D:2:      layout_loops_corners, ebering_ecumenical_altar_sacrificial,
          uniq_natasha
D:3:      layout_rooms, skrybe_limestone_x, uniq_grinder
D:4:      layout_cave_pools, kennysheep_mini_moat, lemuel_flame_loot_1
D:5:      layout_basic, columned_hall_lemuel, kennysheep_path_1

Skill      XL: |  1  2  3  4  5  6 |
---------------+-------------------+-----
Ice Magic      | 5 6 7 8 |  8.7
Dodging        | |  2.6
Stealth        | |  2.1
Spellcasting   | |  2.0

Action                   |  1- 3 |  4- 6 || total
-------------------------+-------+-------++-------
Melee: Unarmed           |     8 |       ||     8
       Short sword       |    18 |    11 ||    29
       Spear             |       |    59 ||    59
 Cast: Freeze            |    40 |    54 ||    94
       Frozen Ramparts   |       |     6 ||     6
       Ozocubu's Armour  |       |     4 ||     4
 Stab: Sleeping          |     1 |     7 ||     8
Armor: Robe              |    11 |    14 ||    25
Dodge: Dodged            |    45 |    79 ||   124

Table legend: (Time is in decaauts)
 A = Elapsed time spent in this place.
 B = Non-inter-level travel time spent in this place.
 C = Inter-level travel time spent in this place.
 D = Time resting spent in this place.
 E = Time spent auto-exploring this place.
 F = Levels seen in this place.
 G = Mean time per level.
                   A        B        C        D        E       F      G
               +--------+--------+--------+--------+--------+-----+--------+
         Total |   6366 |   6264 |    102 |   2651 |   2377 |   5 | 1273.2 |
       Dungeon |   6366 |   6264 |    102 |   2651 |   2377 |   5 | 1273.2 |
               +--------+--------+--------+--------+--------+-----+--------+

Top non-repeatable levels by time:
     D:2: 1987 daAuts
     D:1: 1734 daAuts
     D:4: 1329 daAuts
     D:5: 962 daAuts
     D:3: 353 daAuts
